AoeStats
← mayazm3767

Arabia

507682959Analyzed
1v1 RM · 15d ago on Sep 19, 2026· 39m 0s· 2 players
Game mode
Random Map
Map size
Tiny (2 player)
Population
200
Speed
Normal
Resources
Standard
Victory
Conquest
Starting age
Dark Age
Ending age
Imperial Age
RankedLock teamsTeams togetherTeam positionsShared explorationLock speedFull tech treeHidden civsTurbo modeCheats
Victory
Defeat
🇨🇦 Chinese · Canada
1200
+16
1197
-16
扫清六合 席卷八荒
4:07 Loom
6:32 Loom
9:43 Feudal Age
10:17 Double-Bit Axe
15:05 Fletching
20:59 Castle Age
20:20 Horse Collar
21:21 Bloodlines
22:29 Bow Saw
22:20 Heavy Plow
22:43 Light Cavalry
23:00 Crossbowman
24:07 Gold Mining
29:59 Bodkin Arrow
31:02 Stone Mining
35:32 Wheelbarrow
34:43 Town Watch
35:31 Husbandry
38:51 Ballistics
38:39 Thumb Ring
mayazm3767
0:28 Loom
9:32 Feudal Age
16:21 Double-Bit Axe
19:32 Castle Age
18:15 Scale Mail Armor
18:06 Fletching
19:42 Stone Mining
20:23 Squires
20:43 Chain Mail Armor
20:35 Horse Collar
23:21 Wheelbarrow
23:20 Bow Saw
28:23 Town Watch
29:00 Hand Cart
28:40 Gold Mining
35:20 Imperial Age
33:48 Gold Shaft Mining
33:25 Heavy Plow
34:20 Scale Barding Armor
34:11 Bodkin Arrow
34:38 Bloodlines
34:28 Husbandry
34:40 Forging
35:38 Stone Shaft Mining
35:35 Chain Barding Armor
35:45 Chain Barding Armor
37:18 Plate Barding Armor
36:52 Cavalier
37:24 Light Cavalry
39:04 Ballistics
Connection lost

Rejoining the realm…

Still unreachable

The connection could not be restored.

Session expired

The server has moved on; the page needs a fresh start.